AoeStats
← The Crusader

Arabia

509372056Analyzed
1v1 RM · 6d ago on Sep 26, 2026· 28m 56s· 2 players
Game mode
Random Map
Map size
Tiny (2 player)
Population
200
Speed
Normal
Resources
Standard
Victory
Conquest
Starting age
Dark Age
Ending age
Imperial Age
RankedLock teamsTeams togetherTeam positionsShared explorationLock speedFull tech treeHidden civsTurbo modeCheats
Victory
Defeat
🇲🇽 Koreans · Mexico
1654
+19
🇺🇸 Lithuanians · United States
1715
-19
MZTK | Evil Xandro
5:51 Loom
8:54 Feudal Age
8:59 Man-at-Arms
11:27 Double-Bit Axe
18:39 Fletching
22:48 Wheelbarrow
26:17 Castle Age
26:56 Bodkin Arrow
26:24 Elite Skirmisher
26:25 Crossbowman
27:46 Bow Saw
29:49 Ballistics
The Crusader
6:06 Loom
8:52 Feudal Age
16:04 Fletching
18:34 Padded Archer Armor
21:51 Double-Bit Axe
22:56 Town Watch
27:09 Castle Age
27:09 Elite Skirmisher
27:45 Bodkin Arrow
28:58 Leather Archer Armor
Connection lost

Rejoining the realm…

Still unreachable

The connection could not be restored.

Session expired

The server has moved on; the page needs a fresh start.